 Dungeon Crawl Stone Soup version 0.25-a0-577-ga4619f409e (webtiles) character file.

Game seed: 5389727107611774171, levelgen mode: deterministic

19609 Flugslaktarn the Severer (level 12, -6/109 (110) HPs)
             Began as a Minotaur Fighter on Mar 2, 2020.
             Was an Initiate of Gozag.
             Mangled by a death yak (13 damage)
             ... on level 3 of the Lair of Beasts.
             The game lasted 00:05:54 (12641 turns).

Flugslaktarn the Severer (Minotaur Fighter)        Turns: 12641, Time: 00:05:54

HP:   -6/109 (110)  AC: 25    Str: 30    XL:     12   Next: 38%
MP:   21/21         EV:  7    Int: 10    God:    Gozag
Gold: 997           SH: 13    Dex: 10    Spells: 11/11 levels left

rFire    + . .     SeeInvis .   I - +1 broad axe (vorpal)
rCold    . . .     Gourm    .   c - +0 kite shield
rNeg     . . .     Faith    .   A - +2 plate armour {rF+}
rPois    +         Spirit   .   i - +3 hat of Pondering {ponderous, MR+ MP+10 Int+5}
rElec    .         Reflect  .   D - +0 cloak "Zuunnix" {Str+4}
rCorr    .         Harm     .   (no gloves)
MR       ++...                  y - +2 pair of boots
Stlth    ..........             h - amulet of the acrobat
HPRegen  0.28/turn              m - ring of protection from magic
MPRegen  0.17/turn              o - ring of poison resistance

@: gold aura, studying Armour, slow
A: retaliatory headbutt, horns 2
a: Potion Petition, Call Merchant, Bribe Branch, Renounce Religion


You were on level 3 of the Lair of Beasts.
You worshipped Gozag.
Gozag was pleased with you.
You were not hungry.

You visited 2 branches of the dungeon, and saw 13 of its levels.

You collected 2145 gold pieces.
You spent 604 gold pieces at shops.
You paid 544 gold pieces to Gozag.

Inventory:

Hand Weapons
 I - a +1 vorpal broad axe (weapon)
   (You acquired it on level 10 of the Dungeon)
Armour
 c - a +0 kite shield (worn)
 i - the +3 hat of Pondering (worn) {ponderous, MR+ MP+10 Int+5}
   (You took it off Gastronok on level 8 of the Dungeon)

   It affects your intelligence (+5).
   It affects your resistance to hostile enchantments.
   It affects your magic capacity (+10).
   If you remove this armour, your AC will decrease by 3 (25 -> 22).
 y - a +2 pair of boots (worn)
   (You found it on level 9 of the Dungeon)
 A - a +2 plate armour of fire resistance (worn)
   (You took it off an orc warrior on level 10 of the Dungeon)
 D - the +0 cloak "Zuunnix" (worn) {Str+4}
   (You acquired it on level 10 of the Dungeon)

   It affects your strength (+4).
   If you remove this armour, your AC will decrease by 1 (25 -> 24).
Jewellery
 h - an amulet of the acrobat (around neck)
   (You found it on level 4 of the Dungeon)
 m - a ring of protection from magic (left hand)
   (You found it on level 4 of the Dungeon)
 o - a ring of poison resistance (right hand)
   (You found it on level 10 of the Dungeon)
Wands
 a - a wand of enslavement (8)
   (You found it on level 1 of the Lair of Beasts)
 k - a wand of iceblast (17)
   (You found it on level 3 of the Dungeon)
 l - a wand of acid (4)
   (You found it on level 1 of the Lair of Beasts)
 v - a wand of paralysis (14)
   (You found it on level 6 of the Dungeon)
Scrolls
 j - 2 scrolls of amnesia {unknown}
 r - 5 scrolls of identify
 t - 10 scrolls of teleportation
 x - 2 scrolls of remove curse
 z - a scroll of blinking
 C - a scroll of magic mapping {unknown}
 E - a scroll of brand weapon
 F - 4 scrolls of enchant weapon
 G - 4 scrolls of fog
Potions
 b - a potion of ambrosia {unknown}
 d - 3 potions of might
 f - a potion of invisibility
 g - a potion of flight {unknown}
 n - a potion of resistance
 p - a potion of mutation {unknown}
 q - 4 potions of curing
 s - a potion of brilliance {unknown}
 u - a potion of berserk rage
 w - a potion of heal wounds
 B - a potion of haste {unknown}
Books
 J - a manual of Armour
   (You acquired it on level 10 of the Dungeon)
Comestibles
 e - 9 rations


   Skills:
 + Level 11.5 Fighting
 * Level 15.0 Axes
 + Level 12.7 Armour
 + Level 11.5 Shields


You had 11 spell levels left.
You didn't know any spells.
Your spell library was empty.

Dungeon Overview and Level Annotations

Branches:
Dungeon (10/15)            Temple (0/1) D:5            Lair (3/6) D:10
  Snake (0/4) Lair:2
  Swamp: Lair:2-4    Shoals: Lair:2-4       Orc: D:9-12

Altars:
Ashenzari
Dithmenos
Elyvilon
Gozag
Kikubaaqudgha
Makhleb
Nemelex Xobeh
Okawaru
Sif Muna
Trog
Uskayaw
Wu Jian
Xom
The Shining One

Shops:
D:8 (   D:10 ?   Lair:1 [


Innate Abilities, Weirdness & Mutations

You reflexively headbutt those who attack you in melee.
You have a pair of horns on your head.


Message History

You slash the death yak!
You kill the death yak!
Your Axes skill increases to level 15!
You slash the death yak! You hit the death yak. The death yak gores you!
* * * LOW HITPOINT WARNING * * *
The death yak gores you but does no damage.
You block the death yak's attack. The death yak gores you!
* * * LOW HITPOINT WARNING * * *
You see here 14 gold pieces.
You are too injured to fight recklessly!
You hit the death yak but do no damage.
The death yak is almost dead.
You hit the death yak but do no damage. You block the death yak's attack.
The death yak gores you.
* * * LOW HITPOINT WARNING * * *
You slice the death yak!!
You kill the death yak!
You slash the death yak! The death yak gores you!
You die...
Your body crumbles into a pile of gold.

.########
......$$##
......$<$#
..$...Y@##
####....#
#P...#
##....
....#
......
.......
P.P##...


You could see a death yak.

Vanquished Creatures
  Gastronok (D:8)
  2 hydras
  Erica (Lair:1)
  2 two-headed ogres
  5 death yaks (Lair:3)
  Pikel (D:7)
  A spiny frog (Lair:1)
  2 komodo dragons
  A hornet (D:10)
  Prince Ribbit (D:9)
  4 blink frogs (Lair:2)
  3 hippogriffs
  A wyvern (D:9)
  A spriggan (D:7)
  16 yaks
  3 basilisks (Lair:1)
  2 hungry ghosts
  3 water moccasins
  5 porcupines
  A black bear (D:7)
  2 sky beasts
  4 ice beasts
  A slave (D:7)
  4 orc warriors
  5 ogres
  A wolf (D:9)
  A necrophage (D:10)
  A phantom (D:6)
  4 crocodiles
  2 big kobolds (D:10)
  8 bullfrogs
  A water moccasin zombie (D:6)
  4 scorpions
  6 wights (D:9)
  6 killer bees (D:8)
  2 howler monkeys (D:7)
  2 electric eels (D:9)
  2 crimson imps
  A bullfrog zombie (D:8)
  A centaur zombie (D:5)
  A jelly (D:8)
  4 hounds
  13 orc wizards
  8 orc priests
  2 bullfrog skeletons
  2 iguanas
  7 worker ants
  A killer bee zombie (D:9)
  A bullfrog simulacrum (D:9)
  2 hound zombies (D:6)
  A howler monkey zombie (D:7)
  A worker ant zombie (D:6)
  A gnoll (D:1)
  A howler monkey skeleton (D:7)
  8 adders
  A shadow imp (D:8)
  A howler monkey simulacrum (D:9)
  3 white imps (D:9)
  An ufetubus (D:9)
  3 oozes
  An adder skeleton (D:4)
  4 worms
  29 orcs
  2 giant cockroaches
  4 goblins (D:3)
  6 hobgoblins
  2 jackals (D:8)
  18 kobolds
  A quokka (D:7)
  A bat (D:1)
  3 frilled lizards (D:3)
  2 jackal skeletons (D:6)
  2 leopard gecko skeletons
  3 rats
  3 plants (D:10)
257 creatures vanquished.

Vanquished Creatures (others)
  A bush (Lair:2)
1 creature vanquished.

Grand Total: 258 creatures vanquished

Notes
Turn   | Place    | Note
-------+----------+-------------------------------------------
     0 | D:1      | Flugslaktarn the Minotaur Fighter began the quest for the
                  | Orb.
     0 | D:1      | Reached XP level 1. HP: 19/19 MP: 0/0
    76 | D:1      | Reached skill level 3 in Axes
    76 | D:1      | Reached XP level 2. HP: 22/27 MP: 1/1
   306 | D:2      | Reached XP level 3. HP: 29/33 MP: 2/2
   311 | D:2      | Found a hide-covered altar of Uskayaw.
   311 | D:2      | Found a white marble altar of Elyvilon.
   506 | D:3      | Found a shimmering altar of Xom.
   716 | D:3      | Found a faded altar of an unknown god.
   788 | D:3      | Reached XP level 4. HP: 40/40 MP: 3/3
   909 | D:3      | Found a shadowy altar of Dithmenos.
   922 | D:3      | Reached skill level 4 in Axes
  1062 | D:3      | Found a sparkling altar of Nemelex Xobeh.
  1241 | D:4      | Reached XP level 5. HP: 33/47 MP: 4/4
  1252 | D:4      | Reached skill level 5 in Axes
  1498 | D:4      | Found an ancient bone altar of Kikubaaqudgha.
  1521 | D:4      | Reached XP level 6. HP: 24/55 MP: 5/5
  2229 | D:5      | Entered Level 5 of the Dungeon
  2240 | D:5      | Found a shimmering blue altar of Sif Muna.
  2265 | D:5      | Reached skill level 5 in Fighting
  2265 | D:5      | Reached skill level 5 in Armour
  2265 | D:5      | Reached skill level 5 in Shields
  2772 | D:5      | Found an opulent altar of Gozag.
  2868 | D:5      | Reached skill level 6 in Axes
  2870 | D:5      | Reached XP level 7. HP: 61/61 MP: 6/6
  2922 | D:5      | Became a worshipper of Gozag Ym Sagoz the Greedy
  3126 | D:5      | Found a staircase to the Ecumenical Temple.
  3278 | D:6      | Found an iron altar of Okawaru.
  3707 | D:6      | Reached skill level 7 in Axes
  3721 | D:6      | Reached XP level 8. HP: 26/70 MP: 7/7
  4249 | D:6      | Reached skill level 8 in Axes
  5139 | D:7      | Noticed Prince Ribbit
  5145 | D:7      | Reached skill level 9 in Axes
  5191 | D:7      | Reached XP level 9. HP: 21/79 MP: 8/8
  5483 | D:7      | Noticed Pikel
  5496 | D:7      | Killed Pikel
  5911 | D:7      | Found a glowing golden altar of the Shining One.
  5965 | D:7      | Reached skill level 10 in Axes
  6182 | D:8      | Noticed Gastronok
  6290 | D:8      | Killed Gastronok
  6290 | D:8      | Reached skill level 11 in Axes
  6290 | D:8      | Reached XP level 10. HP: 20/90 MP: 9/9
  7172 | D:8      | Reached skill level 12 in Axes
  7215 | D:8      | Found Aluin's Antique Weapon Shoppe.
  7251 | D:8      | Found an ornate altar of the Wu Jian Council.
  7280 | D:8      | Found a bloodstained altar of Trog.
  7308 | D:8      | Found a sparkling altar of Nemelex Xobeh.
  7309 | D:8      | Noticed a two-headed ogre
  7316 | D:8      | Killed a two-headed ogre
  7619 | D:9      | Killed Prince Ribbit
  7688 | D:9      | Found a shattered altar of Ashenzari.
  7832 | D:9      | Found a burning altar of Makhleb.
  7836 | D:9      | Noticed a two-headed ogre
  7842 | D:9      | Killed a two-headed ogre
  7937 | D:9      | Reached XP level 11. HP: 87/99 MP: 10/10
  8607 | D:9      | Reached skill level 10 in Armour
  8688 | D:10     | Entered Level 10 of the Dungeon
  8705 | D:10     | Reached skill level 10 in Fighting
  8705 | D:10     | Reached skill level 10 in Shields
  9238 | D:10     | Found a staircase to the Lair.
  9256 | D:10     | Reached skill level 13 in Axes
  9618 | D:10     | Found Don Ful's Magic Scroll Shop.
  9626 | D:10     | Bought a scroll of brand weapon for 220 gold pieces
  9626 | D:10     | Bought 3 scrolls of enchant weapon for 247 gold pieces
  9626 | D:10     | Bought a scroll of fog for 22 gold pieces
  9626 | D:10     | Bought a scroll of blinking for 82 gold pieces
  9626 | D:10     | Bought a scroll of teleportation for 33 gold pieces
  9864 | D:10     | Identified 3 scrolls of acquirement
  9872 | D:10     | Identified the +0 cloak "Zuunnix" {Str+4} (You acquired it
                  | on level 10 of the Dungeon)
  9961 | Lair:1   | Entered Level 1 of the Lair of Beasts
 10403 | Lair:1   | Noticed an eight-headed hydra
 10414 | Lair:1   | Killed a 12-headed hydra
 10931 | Lair:1   | Noticed Erica
 10937 | Lair:1   | Killed Erica
 10941 | Lair:1   | Reached skill level 14 in Axes
 11639 | Lair:2   | Found a gate leading to a gauntlet.
 11731 | Lair:2   | Reached XP level 12. HP: 93/109 MP: 11/11
 11795 | Lair:2   | Found a staircase to the Snake Pit.
 12049 | Lair:2   | Noticed a seven-headed hydra
 12057 | Lair:2   | Killed a 12-headed hydra
 12622 | Lair:3   | Noticed a death yak
 12622 | Lair:3   | Noticed a death yak
 12622 | Lair:3   | Noticed a death yak
 12622 | Lair:3   | Noticed a death yak
 12622 | Lair:3   | Noticed a death yak
 12622 | Lair:3   | Noticed a death yak
 12629 | Lair:3   | Killed a death yak
 12631 | Lair:3   | Killed a death yak
 12635 | Lair:3   | Killed a death yak
 12638 | Lair:3   | Killed a death yak
 12638 | Lair:3   | Reached skill level 15 in Axes
 12641 | Lair:3   | Killed a death yak
 12641 | Lair:3   | Mangled by a death yak

Levels and vault maps discovered:
D:1:      psy_arrival_conway, layout_basic, kennysheep_boxes
D:2:      layout_loops_ring, gammafunk_temple_overflow_pools, first_ration
D:3:      layout_basic, grunt_dithmenos_smoke, marbit_many_paths,
          chequers_ecumenical_altar_twisty, nemelex_lonely_heart_becter
D:4:      layout_basic, lemuel_doored_altar, grunt_decor_clamped
D:5:      layout_rooms, nicolae_overflow_crystal_walls, grunt_gozag_statues,
          temple_green
D:6:      layout_loops_ring, lemuel_crystal_altar, cheibrodos_sewer_entry_drain
D:7:      layout_gridville, tso_oasis_becter, the_bakery, uniq_pikel,
          uniq_prince_ribbit1
D:8:      layout_cave_pods, fedhas_bush_and_centaur_altar,
          grunt_temple_overflow_open, basic_altar, serial_shops,
          nicolae_shop_crystal, hangedman_decor_peaks_small, uniq_gastronok
D:9:      layout_roguey, kennysheep_mini, serial_ice, serial_ice_g,
          serial_ice_j, serial_ice_e, serial_ice_a, nicolae_ashenzari_panopticon
D:10:     layout_irregular_city, dpeg_oklobed_lair, serial_shops,
          nicolae_shop_statue_plus
Lair:1:   layout_hall_layers, chequers_serial_rivers_small_b, st_stairs_9,
          uniq_erica
Lair:2:   layout_small_grid, dummy_snake_entry, gauntlet_entry_generic
Lair:3:   layout_small_grid, swamp_mist, grunt_megastairs_1,
          serial_bayou_shore_a, lemuel_fruit_fields

Skill      XL: |  1  2  3  4  5  6  7  8  9 10 11 12 |
---------------+-------------------------------------+-----
Axes           | 3 4 5 6 7 9 11 12 14 15 | 15.0
Fighting       | 4 5 6 7 8 9 11 | 11.5
Armour         | 4 5 6 7 8 9 11 12 | 12.7
Shields        | 4 5 6 7 8 9 11 | 11.5

Action                   |  1- 3 |  4- 6 |  7- 9 | 10-12 || total
-------------------------+-------+-------+-------+-------++-------
Melee: War axe           |    63 |    72 |   246 |   302 ||   683
       Headbutt          |     9 |    17 |    51 |   109 ||   186
       Hand axe          |       |    18 |       |       ||    18
       Broad axe         |       |       |       |   177 ||   177
Invok: Call Merchant     |       |       |       |     1 ||     1
Evoke: Wand              |       |       |     3 |       ||     3
  Use: Scroll            |       |       |     9 |     5 ||    14
 Stab: Distracted        |       |       |       |     1 ||     1
  Eat: Chunk             |       |     6 |     1 |       ||     7
       Ration            |       |       |     3 |     9 ||    12
Armor: Scale mail        |    20 |       |       |       ||    20
       Chain mail        |     4 |    42 |   104 |    81 ||   231
       Plate armour      |       |       |       |   139 ||   139
Dodge: Dodged            |    20 |    20 |    60 |   135 ||   235
Block: Kite shield       |    35 |    45 |   110 |   291 ||   481

Table legend:
 A = Non-vault XP
 B = Vault XP
 C = Vault XP percentage of total XP
 D = Non-vault monster count
 E = Vault monster count
 F = Vault count percentage of total count
                 A         B        C        D         E       F
            +---------+---------+-------+---------+---------+-------
      Total |   23179 |    4835 |  17.3 |     235 |      18 |   7.1
            +---------+---------+-------+---------+---------+-------
        D:1 |      22 |       0 |   0.0 |       6 |       0 |   0.0
        D:2 |      34 |       0 |   0.0 |       5 |       0 |   0.0
        D:3 |     106 |       1 |   0.9 |      30 |       1 |   3.2
        D:4 |     292 |       0 |   0.0 |      14 |       0 |   0.0
        D:5 |     339 |       0 |   0.0 |       7 |       0 |   0.0
        D:6 |    1072 |       6 |   0.6 |      24 |       2 |   7.7
        D:7 |    1121 |     791 |  41.4 |      21 |       2 |   8.7
        D:8 |    3445 |    2099 |  37.9 |      37 |       1 |   2.6
        D:9 |    2023 |     788 |  28.0 |      16 |      10 |  38.5
       D:10 |    1630 |       0 |   0.0 |      33 |       0 |   0.0
     Lair:1 |    4517 |    1150 |  20.3 |      20 |       2 |   9.1
     Lair:2 |    4240 |       0 |   0.0 |      17 |       0 |   0.0
     Lair:3 |    4338 |       0 |   0.0 |       5 |       0 |   0.0
            +---------+---------+-------+---------+---------+-------
